TOP OF THE 1ST |
Eau Claire Esquires batting - Pitching for Seattle Rainiers : RHP Jesús Arredondo
|
Pitching: RHP Jesús Arredondo
|
|
Batting: SHB José Gonzáles
|
0-0: Foul Ball, location: 2F 0-1: Swinging Strike 0-2: Foul Ball, location: 2F 0-2: Ball 1-2: Foul Ball, location: 2F 1-2: Ball 2-2: Ball 3-2: Fly out, F7 (Flyball, 7)
|
Batting: RHB Pedro García
|
0-0: Called Strike 0-1: Foul Ball, location: 2F 0-2: Ground out 5-3 (Groundball, 56)
|
Batting: RHB Jason Stover
|
0-0: Called Strike 0-1: Foul Ball, location: 2F 0-2: Ball 1-2: Ball 2-2: Strikes out swinging
|
Top of the 1st over - 0 run(s), 0 hit(s), 0 error(s), 0 left on base; Eau Claire 0 - Seattle 0 |
BOTTOM OF THE 1ST |
Seattle Rainiers batting - Pitching for Eau Claire Esquires : RHP Robinson Alomar
|
Pitching: RHP Robinson Alomar
|
|
Batting: RHB Roger Lamb
|
0-0: Ground out 5-3 (Groundball, 56)
|
Batting: LHB Tom Craft
|
0-0: Foul Ball, location: 2F 0-1: DOUBLE (Line Drive, 9LS)
|
Batting: LHB José Delgado
|
0-0: Ball 1-0: Foul Ball, location: 2F 1-1: Ball 2-1: Swinging Strike 2-2: Strikes out looking
|
Batting: RHB Cipriano Baca
|
0-0: Ball 1-0: DOUBLE (Line Drive, 8LM) Tom Craft scores
|
Batting: SHB Júlio Ayala
|
0-0: Foul Ball, location: 2F 0-1: Ball 1-1: Ball 2-1: SINGLE (Groundball, 4MD) Cipriano Baca to third Runner from 3rd tries for Home, SAFE, no throw
|
Batting: RHB Leonard Harris
|
0-0: Ball 1-0: Foul Ball, location: 2F 1-1: Ball 2-1: Ball 3-1: Base on Balls Júlio Ayala to second
|
Batting: LHB Carlos Valentín
|
0-0: Ball 1-0: Ball 2-0: Ball 3-0: Called Strike 3-1: Foul Ball, location: 2F 3-2: Strikes out looking
|
Bottom of the 1st over - 2 run(s), 3 hit(s), 0 error(s), 2 left on base; Eau Claire 0 - Seattle 2 |
TOP OF THE 2ND |
Eau Claire Esquires batting - Pitching for Seattle Rainiers : RHP Jesús Arredondo
|
Batting: RHB Rich Henley
|
0-0: Ball 1-0: Ball 2-0: Fly out, F7 (Flyball, 7S)
|
Batting: RHB Vincente Ramírez
|
0-0: Ground out 4-3 (Groundball, 4M)
|
Batting: LHB António Chávez
|
0-0: Called Strike 0-1: Called Strike 0-2: Ground out 6-3 (Groundball, 6M)
|
Top of the 2nd over - 0 run(s), 0 hit(s), 0 error(s), 0 left on base; Eau Claire 0 - Seattle 2 |
BOTTOM OF THE 2ND |
Seattle Rainiers batting - Pitching for Eau Claire Esquires : RHP Robinson Alomar
|
Batting: SHB Claas van der Kuijl
|
0-0: Foul Ball, location: 2F 0-1: Fly out, F8 (Flyball, 78M)
|
Batting: RHB José Rosales
|
0-0: Ball 1-0: Ball 2-0: Ball 3-0: Hit by Pitch
|
Batting: RHB Roger Lamb
|
0-0: Ball 1-0: Called Strike 1-1: Called Strike 1-2: Ground out 5-3 (Groundball, 5S) José Rosales to second
|
Batting: LHB Tom Craft
|
0-0: Ball 1-0: Fly out, F7 (Flyball, 7)
|
Bottom of the 2nd over - 0 run(s), 0 hit(s), 0 error(s), 1 left on base; Eau Claire 0 - Seattle 2 |
TOP OF THE 3RD |
Eau Claire Esquires batting - Pitching for Seattle Rainiers : RHP Jesús Arredondo
|
Batting: RHB Chet White
|
0-0: Ball 1-0: Ball 2-0: Ball 3-0: Base on Balls
|
Batting: RHB Francisco Fernández
|
0-0: Called Strike Pickoff Throw to First - Error! E1 Chet White to second 0-1: SINGLE (Groundball, 4MD) Chet White to third Runner from 3rd tries for Home, SAFE, no throw
|
Batting: RHB Dave Anderson
|
0-0: Ball 1-0: Called Strike 1-1: Called Strike 1-2: Fly out, F8 (Flyball, 78M)
|
Batting: SHB José Gonzáles
|
0-0: Ball 1-0: Ball 2-0: Foul Ball, location: 2F 2-1: Ball 3-1: Base on Balls Francisco Fernández to second
|
Batting: RHB Pedro García
|
0-0: Called Strike 0-1: Foul Ball, location: 2F 0-2: Ball 1-2: Hit by Pitch Francisco Fernández to third José Gonzáles to second
|
Batting: RHB Jason Stover
|
0-0: Foul Ball, location: 2F 0-1: Foul Ball, location: 2F 0-2: Ball 1-2: Foul Ball, location: 2F 1-2: Ball 2-2: Strikes out swinging
|
Batting: RHB Rich Henley
|
0-0: Ball 1-0: Hit by Pitch Francisco Fernández scores José Gonzáles to third Pedro García to second
|
Batting: RHB Vincente Ramírez
|
0-0: Ball 1-0: Foul Ball, location: 2F 1-1: Swinging Strike 1-2: Strikes out looking
|
Top of the 3rd over - 2 run(s), 1 hit(s), 1 error(s), 3 left on base; Eau Claire 2 - Seattle 2 |
BOTTOM OF THE 3RD |
Seattle Rainiers batting - Pitching for Eau Claire Esquires : RHP Robinson Alomar
|
Batting: LHB José Delgado
|
0-0: Ball 1-0: Called Strike 1-1: Ball 2-1: Fly out, F7 (Line Drive, 7)
|
Batting: RHB Cipriano Baca
|
0-0: Ball 1-0: Called Strike 1-1: Foul Ball, location: 2F 1-2: Foul Ball, location: 2F 1-2: Ground out 6-3 (Groundball, 6S)
|
Batting: SHB Júlio Ayala
|
0-0: Ball 1-0: Ball 2-0: Ground out 4-3 (Groundball, 34)
|
Bottom of the 3rd over - 0 run(s), 0 hit(s), 0 error(s), 0 left on base; Eau Claire 2 - Seattle 2 |
TOP OF THE 4TH |
Eau Claire Esquires batting - Pitching for Seattle Rainiers : RHP Jesús Arredondo
|
Batting: LHB António Chávez
|
0-0: Called Strike 0-1: Foul Ball, location: 2F 0-2: Ball 1-2: Strikes out swinging
|
Batting: RHB Chet White
|
0-0: Ground out 6-3 (Groundball, 6)
|
Batting: RHB Francisco Fernández
|
0-0: Called Strike 0-1: Swinging Strike 0-2: Strikes out swinging
|
Top of the 4th over - 0 run(s), 0 hit(s), 0 error(s), 0 left on base; Eau Claire 2 - Seattle 2 |
BOTTOM OF THE 4TH |
Seattle Rainiers batting - Pitching for Eau Claire Esquires : RHP Robinson Alomar
|
Batting: RHB Leonard Harris
|
0-0: Foul Ball, location: 2F 0-1: Ball 1-1: Ball 2-1: Ball 3-1: Foul Ball, location: 2F 3-2: Ground out 6-3 (Groundball, 6)
|
Batting: LHB Carlos Valentín
|
0-0: SINGLE (Groundball, 4MD)
|
Batting: SHB Claas van der Kuijl
|
0-0: Called Strike 0-1: Ball 1-1: Ground out 5-3 (Groundball, 25) Carlos Valentín to second
|
Batting: RHB José Rosales
|
0-0: Ball 1-0: Called Strike 1-1: Hit by Pitch
|
Batting: RHB Roger Lamb
|
0-0: Called Strike 0-1: Foul Ball, location: 2F 0-2: Strikes out looking
|
Bottom of the 4th over - 0 run(s), 1 hit(s), 0 error(s), 2 left on base; Eau Claire 2 - Seattle 2 |
TOP OF THE 5TH |
Eau Claire Esquires batting - Pitching for Seattle Rainiers : RHP Jesús Arredondo
|
Batting: RHB Dave Anderson
|
0-0: Ground out 5-3 (Groundball, 5S)
|
Batting: SHB José Gonzáles
|
0-0: Ball 1-0: Swinging Strike 1-1: Foul Ball, location: 2F 1-2: DOUBLE (Line Drive, 78XD)
|
Batting: RHB Pedro García
|
0-0: Swinging Strike 0-1: Called Strike 0-2: Ball 1-2: Ball Wild Pitch! José Gonzáles to third 2-2: Strikes out swinging
|
Batting: RHB Jason Stover
|
0-0: Intentional Walk
|
Batting: RHB Rich Henley
|
0-0: Ball 1-0: Ground out 4-3 (Groundball, 4M)
|
Top of the 5th over - 0 run(s), 1 hit(s), 0 error(s), 2 left on base; Eau Claire 2 - Seattle 2 |
BOTTOM OF THE 5TH |
Seattle Rainiers batting - Pitching for Eau Claire Esquires : RHP Robinson Alomar
|
Batting: LHB Tom Craft
|
0-0: Hit by Pitch
|
Pinch Runner at 1st Kelsey Scott:
|
|
Batting: LHB José Delgado
|
0-0: Foul Ball, location: 2F 0-1: Called Strike 0-2: Fly out, F7 (Line Drive, 7)
|
Batting: RHB Cipriano Baca
|
0-0: Foul Ball, location: 2F 0-1: Ball 1-1: Ball Kelsey Scott is caught stealing 2nd base 2-1: Foul Ball, location: 2F 2-2: Ball 3-2: Foul Ball, location: 2F 3-2: Foul Ball, location: 2F 3-2: Foul Ball, location: 2F 3-2: Foul Ball, location: 2F 3-2: Foul Ball, location: 2F 3-2: Fly out, F8 (Flyball, 89S)
|
Bottom of the 5th over - 0 run(s), 0 hit(s), 0 error(s), 0 left on base; Eau Claire 2 - Seattle 2 |
TOP OF THE 6TH |
Eau Claire Esquires batting - Pitching for Seattle Rainiers : RHP Jesús Arredondo
|
Batting: RHB Vincente Ramírez
|
0-0: DOUBLE (Flyball, 7)
|
Batting: LHB António Chávez
|
0-0: Intentional Walk
|
Pitching: LHP Jeffrey Glass
|
|
Batting: RHB Chet White
|
0-0: Ball 1-0: Ball Balk! Vincente Ramírez to third António Chávez to second 2-0: Called Strike 2-1: Foul Ball, location: 2F 2-2: Strikes out swinging
|
Batting: RHB Francisco Fernández
|
0-0: Intentional Walk
|
Batting: RHB Dave Anderson
|
0-0: Ball 1-0: Foul Ball, location: 2F 1-1: Fly out, F8 (Flyball, 8RD) Runner from 3rd tags up, SCORES, no throw
|
Batting: SHB José Gonzáles
|
0-0: Called Strike 0-1: Foul Ball, location: 2F 0-2: Ball 1-2: Strikes out swinging
|
Top of the 6th over - 1 run(s), 1 hit(s), 0 error(s), 2 left on base; Eau Claire 3 - Seattle 2 |
BOTTOM OF THE 6TH |
Seattle Rainiers batting - Pitching for Eau Claire Esquires : RHP Robinson Alomar
|
Batting: SHB Júlio Ayala
|
0-0: Called Strike 0-1: Ball 1-1: Swinging Strike 1-2: Strikes out swinging
|
Batting: RHB Leonard Harris
|
0-0: Ball 1-0: Ball 2-0: Called Strike 2-1: Foul Ball, location: 2F 2-2: Ball 3-2: Strikes out swinging
|
Batting: LHB Carlos Valentín
|
0-0: Called Strike 0-1: Ground out 4-3 (Groundball, 4)
|
Bottom of the 6th over - 0 run(s), 0 hit(s), 0 error(s), 0 left on base; Eau Claire 3 - Seattle 2 |
TOP OF THE 7TH |
Eau Claire Esquires batting - Pitching for Seattle Rainiers : LHP Jeffrey Glass
|
Batting: RHB Pedro García
|
0-0: Ball 1-0: Swinging Strike 1-1: Ball 2-1: Swinging Strike 2-2: Fly out, F7 (Flyball, 7LS)
|
Batting: RHB Jason Stover
|
0-0: Ball 1-0: Ground out 4-3 (Groundball, 4)
|
Batting: RHB Rich Henley
|
0-0: Foul Ball, location: 2F 0-1: Called Strike 0-2: Ball 1-2: Foul Ball, location: 2F 1-2: Ball 2-2: SINGLE (Groundball, 56D)
|
Pinch Runner at 1st Jason Smith:
|
|
Batting: RHB Vincente Ramírez
|
0-0: Ball 1-0: Ball 2-0: Foul Ball, location: 2F 2-1: Fielders Choice at 2nd, 4-6 (Groundball, 34D)
|
Top of the 7th over - 0 run(s), 1 hit(s), 0 error(s), 0 left on base; Eau Claire 3 - Seattle 2 |
BOTTOM OF THE 7TH |
Seattle Rainiers batting - Pitching for Eau Claire Esquires : RHP Robinson Alomar
|
Pitching: RHP Armando Martínez
|
|
Now at 3B: Ismael Rodríguez
|
|
Batting: SHB Claas van der Kuijl
|
0-0: Foul Ball, location: 2F 0-1: Ball 1-1: Ball 2-1: Foul Ball, location: 2F 2-2: Strikes out swinging
|
Batting: RHB José Rosales
|
0-0: Called Strike 0-1: Fly out, F8 (Flyball, 8LS)
|
Batting: RHB Roger Lamb
|
0-0: Ball 1-0: Foul Ball, location: 2F 1-1: Foul Ball, location: 2F 1-2: Ground out 4-3 (Groundball, 4)
|
Bottom of the 7th over - 0 run(s), 0 hit(s), 0 error(s), 0 left on base; Eau Claire 3 - Seattle 2 |
TOP OF THE 8TH |
Eau Claire Esquires batting - Pitching for Seattle Rainiers : LHP Jeffrey Glass
|
Pitching: RHP Melvin Sharp
|
|
Batting: LHB António Chávez
|
0-0: Called Strike 0-1: Swinging Strike 0-2: Foul Ball, location: 2F 0-2: SINGLE (Groundball, 4D)
|
Batting: RHB Chet White
|
0-0: Ball 1-0: Sac Bunt - play at first, batter OUT! 4-3 António Chávez to second
|
Batting: RHB Francisco Fernández
|
0-0: Intentional Walk
|
Pinch Runner at 2nd Shawn Brown:
|
|
Pinch Hitting: LHB Miguel Arteaga
|
0-0: Ball 1-0: Ball 2-0: Ball 3-0: Called Strike 3-1: Base on Balls Shawn Brown to third Francisco Fernández to second
|
Batting: SHB José Gonzáles
|
0-0: Called Strike 0-1: Foul Ball, location: 2F 0-2: Ball 1-2: Ball 2-2: Foul Ball, location: 2F 2-2: Ball 3-2: Base on Balls Shawn Brown scores Francisco Fernández to third Miguel Arteaga to second
|
Pinch Hitting: SHB José García
|
0-0: Foul Ball, location: 2F 0-1: Foul Ball, location: 2F 0-2: Ball 1-2: Ball 2-2: Strikes out looking
|
Batting: RHB Jason Stover
|
0-0: Called Strike 0-1: Ball 1-1: Swinging Strike 1-2: Ball 2-2: Strikes out swinging
|
Top of the 8th over - 1 run(s), 1 hit(s), 0 error(s), 3 left on base; Eau Claire 4 - Seattle 2 |
BOTTOM OF THE 8TH |
Seattle Rainiers batting - Pitching for Eau Claire Esquires : RHP Armando Martínez
|
Now at 1B: José García
|
|
Now in CF: Miguel Arteaga
|
|
Batting: LHB Kelsey Scott
|
0-0: Called Strike 0-1: Ball 1-1: Ball 2-1: Foul Ball, location: 2F 2-2: Strikes out swinging, 2-3 out at first.
|
Batting: LHB José Delgado
|
0-0: Fly out, F7 (Flyball, 7D)
|
Batting: RHB Cipriano Baca
|
0-0: Foul Ball, location: 2F 0-1: Swinging Strike 0-2: Foul Ball, location: 2F 0-2: Fly out, F7 (Flyball, 78M)
|
Bottom of the 8th over - 0 run(s), 0 hit(s), 0 error(s), 0 left on base; Eau Claire 4 - Seattle 2 |
TOP OF THE 9TH |
Eau Claire Esquires batting - Pitching for Seattle Rainiers : RHP Melvin Sharp
|
Pitching: LHP Tommy Corrigan
|
|
Batting: RHB Ismael Rodríguez
|
0-0: Ball 1-0: Ball 2-0: Fly out, F7 (Flyball, 78S)
|
Batting: RHB Vincente Ramírez
|
0-0: Called Strike
|
|
|
|
0-1: Called Strike 0-2: SINGLE (Flyball, 4D)
|
Batting: LHB Shawn Brown
|
0-0: Ball 1-0: Ball 2-0: Swinging Strike 2-1: Ball 3-1: Base on Balls Vincente Ramírez to second
|
Pinch Hitting: RHB Eugenio Maldonado
|
0-0: Ball 1-0: Called Strike 1-1: Ball 2-1: Called Strike 2-2: Ball 3-2: Strikes out looking
|
Batting: RHB Francisco Fernández
|
0-0: Foul Ball, location: 2F 0-1: Ball 1-1: Foul Ball, location: 2F 1-2: Ball 2-2: Ground out 5-3 (Groundball, 56S)
|
Top of the 9th over - 0 run(s), 1 hit(s), 0 error(s), 2 left on base; Eau Claire 4 - Seattle 2 |
BOTTOM OF THE 9TH |
Seattle Rainiers batting - Pitching for Eau Claire Esquires : RHP Armando Martínez
|
Pitching: LHP Adrian Bryant
|
|
Now at C: Eugenio Maldonado
|
|
Batting: SHB Júlio Ayala
|
0-0: Called Strike 0-1: Swinging Strike 0-2: SINGLE (Groundball, P) (infield hit)
|
Batting: RHB Leonard Harris
|
0-0: Called Strike 0-1: Ball 1-1: Ball 2-1: Foul Ball, location: 2F 2-2: Ball 3-2: Base on Balls Júlio Ayala to second
|
Batting: LHB Carlos Valentín
|
0-0: Ball 1-0: Ball 2-0: Called Strike 2-1: Sac Bunt - play at first, batter OUT! 1-3 Júlio Ayala to third Leonard Harris to second
|
Pinch Hitting: SHB Eduardo Sánchez
|
0-0: Ball 1-0: Ball 2-0: Called Strike 2-1: Ball 3-1: Foul Ball, location: 2F 3-2: Foul Ball, location: 2F 3-2: Strikes out swinging
|
Pinch Hitting: RHB Roberto Pérez
|
0-0: Called Strike 0-1: Called Strike 0-2: Ball 1-2: Ball 2-2: Ball 3-2: Strikes out looking
|
Bottom of the 9th over - 0 run(s), 1 hit(s), 0 error(s), 2 left on base; Eau Claire 4 - Seattle 2 |
|
Thursday, March 30th, 2017 - OOTP Baseball 17.12 Build 75
|
|